Workbook

Sheet Hoja1
B2: N° | C2: Clase | D2: Fuente | E2: Etapa | F2: Tipo | G2: Descripción | H2: Consecuencia de la ocurrencia del evento | I2: Probabilidad | J2: Impacto | K2: Valoración | L2: Categoría | M2: ¿A quién se le asigna? | N2: Tratamiento/Control a ser implementado | O2: Impacto después del tratamiento | S2: ¿Afecta la ejecución del contrato? | T2: Responsable por implementar el tratamiento | U2: Fecha estimada en que se inicia el tratamiento | V2: Fecha estimada en que se completa el tratamiento | W2: Monitoreo y revisión
O3: Probabilidad | P3: Impacto | Q3: Valoración | R3: Categoría | W3: ¿Cómo se realiza el monitoreo? | X3: Periodicidad
B5: 1 | C5: General | D5: Interno | E5: Planeación | F5: Operacional | G5: Retrasos en elaboración o aprobación de documentos precontractuales del proceso de selección. | H5: Retraso en ejecución del cronograma del proyecto, impacto en costos, actuaciones y sanciones judiciales. | I5: 4 | J5: 4 | K5: =+I5+J5 -> 8 | L5: =+IF(K5>=Hoja2!$C$1,Hoja2!$D$1,IF(K5>Hoja2!$C$2,Hoja2!$D$2,IF(K5>Hoja2!$C$3,Hoja2!$D$3,Hoja2!$D$4))) -> Extremo | M5: Entidad contratante. | N5: Reducir: Conformación de equipo interdisciplinario para trámites contractuales, elaboración de plan de acción detallado con ruta y responsables de contratación y definición de mecanismos de seguimiento periódico al cumplimiento del plan. | O5: 3 | P5: 4 | Q5: =+O5+P5 -> 7 | R5: =+IF(Q5>=Hoja2!$C$1,Hoja2!$D$1,IF(Q5>Hoja2!$C$2,Hoja2!$D$2,IF(Q5>Hoja2!$C$3,Hoja2!$D$3,Hoja2!$D$4))) -> Alto | S5: Sí | T5: Dirección de Proyectos Infimanizales. Secretaría General Infimanizales. | U5: Fecha de terminación de contrato de consultoría de estudios y diseños. | V5: Fecha de suscripción del contrato. | W5: Revisión de gestiones, comunicaciones, informes y documentos relacionados en reunión del equipo interdisciplinario. | X5: Semanal
B6: 2 | C6: General | D6: Interno | E6: Planeación | F6: Operacional | G6: Inconsistencias o errores en desarrollo de la fase precontractual del proceso de selección de contratista o en los documentos asociados. | H6: Retraso en ejecución del cronograma de ejecución de las obras, impacto en alcance y costos, reprocesos, actuaciones y sanciones judiciales. | I6: 4 | J6: 4 | K6: =+I6+J6 -> 8 | L6: =+IF(K6>=Hoja2!$C$1,Hoja2!$D$1,IF(K6>Hoja2!$C$2,Hoja2!$D$2,IF(K6>Hoja2!$C$3,Hoja2!$D$3,Hoja2!$D$4))) -> Extremo | M6: Entidad contratante. | N6: Reducir: Conformación de equipo interdisciplinario para trámites contractuales, elaboración de plan de acción detallado con ruta y responsables de contratación, y definición de mecanismos de seguimiento periódico al cumplimiento del plan. | O6: 3 | P6: 3 | Q6: =+O6+P6 -> 6 | R6: =+IF(Q6>=Hoja2!$C$1,Hoja2!$D$1,IF(Q6>Hoja2!$C$2,Hoja2!$D$2,IF(Q6>Hoja2!$C$3,Hoja2!$D$3,Hoja2!$D$4))) -> Alto | S6: Sí | T6: Secretaría General Infimanizales. | U6: Fecha de elaboración de estudios previos. | V6: Fecha de suscripción de acta de inicio del contrato. | W6: Revisión de gestiones, comunicaciones, informes y documentos relacionados en reunión del equipo interdisciplinario. | X6: Semanal
B7: 3 | C7: General | D7: Interno | E7: Planeación | F7: Operacional | G7: Inconsistencias en elaboración de presupuesto del contrato. | H7: Afectación de valor del contrato y del proyecto, reprocesos por ajustes requeridos. | I7: 3 | J7: 4 | K7: =+I7+J7 -> 7 | L7: =+IF(K7>=Hoja2!$C$1,Hoja2!$D$1,IF(K7>Hoja2!$C$2,Hoja2!$D$2,IF(K7>Hoja2!$C$3,Hoja2!$D$3,Hoja2!$D$4))) -> Alto | M7: Entidad contratante. | N7: Reducir: Consolidación de información disponible del proyecto previo al inicio del proceso de selección del contratista; incorporación de estado documental en la fase precontractual, revisión independiente de documentos de presupuestos. | O7: 2 | P7: 3 | Q7: =+O7+P7 -> 5 | R7: =+IF(Q7>=Hoja2!$C$1,Hoja2!$D$1,IF(Q7>Hoja2!$C$2,Hoja2!$D$2,IF(Q7>Hoja2!$C$3,Hoja2!$D$3,Hoja2!$D$4))) -> Medio | S7: Sí | T7: Director de proyectos Infimanizales. | U7: Fecha de terminación de contrato de consultoría de estudios y diseños. | V7: Fecha de suscripción de acta de liquidación del contrato. | W7: Monitoreo y control de comunicaciones, presentación y revisión de informes y documentos relacionados en reunión de equipo de proyecto. | X7: Mensual
B8: 4 | C8: General | D8: Externo | E8: Selección | F8: Económico | G8: Ausencia de oferentes o proveedores calificados interesados en participar en el proceso de contratación. | H8: Retraso de cronograma del proyecto y del contrato objeto de seguimiento, o imposibilidad de llevarlo a cabo, incremento de costos de ejecución del contrato, actuaciones y sanciones judiciales. | I8: 4 | J8: 5 | K8: =+I8+J8 -> 9 | L8: =+IF(K8>=Hoja2!$C$1,Hoja2!$D$1,IF(K8>Hoja2!$C$2,Hoja2!$D$2,IF(K8>Hoja2!$C$3,Hoja2!$D$3,Hoja2!$D$4))) -> Extremo | M8: Entidad contratante. | N8: Reducir: Asignación de recurso humano adicional para elaboración y validación de condiciones contractuales, aplicación de parámetros de documentos tipo, revisión independiente de documentos precontractuales, publicación de prepliegos. | O8: 3 | P8: 5 | Q8: =+O8+P8 -> 8 | R8: =+IF(Q8>=Hoja2!$C$1,Hoja2!$D$1,IF(Q8>Hoja2!$C$2,Hoja2!$D$2,IF(Q8>Hoja2!$C$3,Hoja2!$D$3,Hoja2!$D$4))) -> Extremo | S8: Sí | T8: Dirección de Proyectos Infimanizales. Secretaría General Infimanizales. | U8: Fecha de elaboración de estudios previos. | V8: Fecha de suscripción del contrato. | W8: Seguimiento a plataforma Secop II, revisión de gestiones, comunicaciones, informes y documentos relacionados. | X8: Quincenal
B9: 5 | C9: General | D9: Externo | E9: Selección | F9: Económico | G9: Ocurrencia de prácticas de colusión entre los proponentes del proceso de selección. | H9: Selección no objetiva del contratista, actuaciones judiciales en contra del proceso contractual, condiciones de ejecución desfavorables para la entidad contratante. | I9: 3 | J9: 5 | K9: =+I9+J9 -> 8 | L9: =+IF(K9>=Hoja2!$C$1,Hoja2!$D$1,IF(K9>Hoja2!$C$2,Hoja2!$D$2,IF(K9>Hoja2!$C$3,Hoja2!$D$3,Hoja2!$D$4))) -> Extremo | M9: Contratista. | N9: Evitar: Verificación idónea de requisitos y condiciones de proponentes y ofertas; suspensión del proceso de selección o actuaciones administrativas o judiciales en caso que se identifiquen conductas de colusión de proponentes con posterioridad a la selección. | O9: 1 | P9: 5 | Q9: =+O9+P9 -> 6 | R9: =+IF(Q9>=Hoja2!$C$1,Hoja2!$D$1,IF(Q9>Hoja2!$C$2,Hoja2!$D$2,IF(Q9>Hoja2!$C$3,Hoja2!$D$3,Hoja2!$D$4))) -> Alto | S9: Sí | T9: Secretaría General Infimanizales | U9: Fecha de elaboración de estudios previos. | V9: Fecha de suscripción del contrato. | W9: Revisión de gestiones, comunicaciones, informes y documentos relacionados en reunión del equipo interdisciplinario. | X9: Semanal
B10: 6 | C10: General | D10: Externo | E10: Selección | F10: Tecnológico | G10: Fallas en la disponibilidad del sistema de contratación pública SECOP II. | H10: Retraso o incumplimiento de los plazos legales para la publicación de los actos y documentos del proceso de contratación. | I10: 1 | J10: 2 | K10: =+I10+J10 -> 3 | L10: =+IF(K10>=Hoja2!$C$1,Hoja2!$D$1,IF(K10>Hoja2!$C$2,Hoja2!$D$2,IF(K10>Hoja2!$C$3,Hoja2!$D$3,Hoja2!$D$4))) -> Bajo | M10: Entidad contratante. | N10: Reducir: Reporte de las fallas a Colombia Compra Eficiente y reproceso posterior, consulta de certificados de indisponibilidad. | O10: 1 | P10: 1 | Q10: =+O10+P10 -> 2 | R10: =+IF(Q10>=Hoja2!$C$1,Hoja2!$D$1,IF(Q10>Hoja2!$C$2,Hoja2!$D$2,IF(Q10>Hoja2!$C$3,Hoja2!$D$3,Hoja2!$D$4))) -> Bajo | S10: No | T10: Secretaría General Infimanizales. | U10: Fecha de elaboración de estudios previos. | V10: Fecha de suscripción de acta de liquidación del contrato. | W10: Revisión de gestiones, comunicaciones, informes y documentos relacionados; y monitoreo de la plataforma. | X10: Quincenal
B11: 7 | C11: General | D11: Interno | E11: Contratación | F11: Operacional | G11: Dificultades en trámites o autorizaciones internas de la entidad contratante durante la gestión contractual. | H11: Retraso en cronograma de ejecución del contrato. | I11: 3 | J11: 4 | K11: =+I11+J11 -> 7 | L11: =+IF(K11>=Hoja2!$C$1,Hoja2!$D$1,IF(K11>Hoja2!$C$2,Hoja2!$D$2,IF(K11>Hoja2!$C$3,Hoja2!$D$3,Hoja2!$D$4))) -> Alto | M11: Entidad contratante. | N11: Reducir: Identificación de ruta de aprobación del proyecto con tiempos y responsables, evaluación funcional previa de la información requerida para aprobación, elaboración de cuadro control para seguimiento, generación de alertas inmediatas al máximo nivel directivo del financiador. | O11: 2 | P11: 4 | Q11: =+O11+P11 -> 6 | R11: =+IF(Q11>=Hoja2!$C$1,Hoja2!$D$1,IF(Q11>Hoja2!$C$2,Hoja2!$D$2,IF(Q11>Hoja2!$C$3,Hoja2!$D$3,Hoja2!$D$4))) -> Alto | S11: Sí | T11: Dirección de Proyectos Infimanizales. Supervisión del contrato. | U11: Fecha de adjudicación del contrato. | V11: Fecha de suscripción de acta de liquidación del contrato. | W11: Presentación de informes y documentos relacionados, seguimiento a cronograma, reunión periódica con directivos de la entidad. | X11: Quincenal
B12: 8 | C12: General | D12: Externo | E12: Ejecución | F12: Operacional | G12: Divulgación, a terceros no autorizados, de información reservada y/o privilegiada que hace parte de las gestiones o los entregables del objeto contractual. | H12: Actuaciones judiciales que afectan la ejecución del proyecto objeto interventoría. | I12: 3 | J12: 5 | K12: =+I12+J12 -> 8 | L12: =+IF(K12>=Hoja2!$C$1,Hoja2!$D$1,IF(K12>Hoja2!$C$2,Hoja2!$D$2,IF(K12>Hoja2!$C$3,Hoja2!$D$3,Hoja2!$D$4))) -> Extremo | M12: Entidad contratante (20%). Contratista (80%). | N12: Reducir: Establecimiento de cláusulas contractuales de responsabilidad por el manejo de información, identificación de información privilegiada gestionada en el marco del contrato para definir controles para el acceso a ésta por parte de funcionarios relacionados con el contrato, definición de protocolo de comunicaciones. | O12: 2 | P12: 5 | Q12: =+O12+P12 -> 7 | R12: =+IF(Q12>=Hoja2!$C$1,Hoja2!$D$1,IF(Q12>Hoja2!$C$2,Hoja2!$D$2,IF(Q12>Hoja2!$C$3,Hoja2!$D$3,Hoja2!$D$4))) -> Alto | S12: Sí | T12: Dirección de Proyectos Infimanizales. Supervisión del contrato. Representante legal Contratista. | U12: Fecha de suscripción del contrato. | V12: Fecha de suscripción de acta de liquidación del contrato. | W12: Monitoreo y control de comunicaciones, presentación y revisión de informes y documentos relacionados en reunión de equipo de proyecto. | X12: Mensual
B13: 9 | C13: Específico | D13: Interno | E13: Ejecución | F13: Operacional | G13: Demoras en la gestión, trámite u obtención de licencias, permisos y autorizaciones requeridos para el desarrollo de las obras objeto de seguimiento. | H13: Interrupción o suspensión de obras y del contrato, costos adicionales por gestión administrativa y social del proyecto. | I13: 3 | J13: 5 | K13: =+I13+J13 -> 8 | L13: =+IF(K13>=Hoja2!$C$1,Hoja2!$D$1,IF(K13>Hoja2!$C$2,Hoja2!$D$2,IF(K13>Hoja2!$C$3,Hoja2!$D$3,Hoja2!$D$4))) -> Extremo | M13: Entidad contratante. | N13: Reducir: Identificación y preparación de trámites en etapa precontractual por parte del contratante, aporte de documentación requerida por parte del contratista, comunicación constante con autoridades competentes, establecimiento de sanciones contractuales. Transferir: Exigencia y trámite de garantías contractuales de cumplimiento al contratista de obra. | O13: 2 | P13: 4 | Q13: =+O13+P13 -> 6 | R13: =+IF(Q13>=Hoja2!$C$1,Hoja2!$D$1,IF(Q13>Hoja2!$C$2,Hoja2!$D$2,IF(Q13>Hoja2!$C$3,Hoja2!$D$3,Hoja2!$D$4))) -> Alto | S13: Sí | T13: Dirección de Proyectos Infimanizales. Supervisión del contrato. | U13: Fecha de elaboración de estudios previos. | V13: Fecha de suscripción de acta de liquidación del contrato. | W13: Revisión de gestiones, comunicaciones, informes y documentos relacionados en reunión del equipo interdisciplinario. | X13: Semanal
B14: 10 | C14: Específico | D14: Externo | E14: Ejecución | F14: Operacional | G14: Retrasos en la ejecución del contrato de obra objeto de seguimiento. | H14: Retrasos y sobrecostos por prórrogas requeridas para el desarrollo de la interventoría y del contrato de obra. | I14: 4 | J14: 4 | K14: =+I14+J14 -> 8 | L14: =+IF(K14>=Hoja2!$C$1,Hoja2!$D$1,IF(K14>Hoja2!$C$2,Hoja2!$D$2,IF(K14>Hoja2!$C$3,Hoja2!$D$3,Hoja2!$D$4))) -> Extremo | M14: Entidad contratante (25%). Contratista (75%). | N14: Reducir: Generación de reportes y alertas semanales, aplicación de metodologías estructuradas de seguimiento de proyectos, control de cronograma, requerimientos de planes de contingencia. | O14: 3 | P14: 3 | Q14: =+O14+P14 -> 6 | R14: =+IF(Q14>=Hoja2!$C$1,Hoja2!$D$1,IF(Q14>Hoja2!$C$2,Hoja2!$D$2,IF(Q14>Hoja2!$C$3,Hoja2!$D$3,Hoja2!$D$4))) -> Alto | S14: Sí | T14: Dirección de Proyectos Infimanizales. Supervisión del contrato. Representante legal Contratista. | U14: Fecha de suscripción de acta de inicio de contrato de obra. | V14: Fecha de suscripción de acta de liquidación del contrato de obra. | W14: Presentación de informes de avance de obra por la interventoría, conformación de equipo de dirección de proyecto y realización de reuniones semanales de seguimiento. | X14: Semanal
B15: 11 | C15: Específico | D15: Externo | E15: Ejecución | F15: Social o Político | G15: Problemas de seguridad en la zona de influencia de las obras que afecten los bienes destinados por el contratista para el desarrollo de éstas. | H15: Retraso de cronograma de ejecución del contrato, reprocesos y costos adicionales para recuperación de elementos informaciones y gestiones de la interventoría, costos adicionales de vigilancia. | I15: 5 | J15: 3 | K15: =+I15+J15 -> 8 | L15: =+IF(K15>=Hoja2!$C$1,Hoja2!$D$1,IF(K15>Hoja2!$C$2,Hoja2!$D$2,IF(K15>Hoja2!$C$3,Hoja2!$D$3,Hoja2!$D$4))) -> Extremo | M15: Contratista. | N15: Reducir: Implementación de protocolos y acciones de vigilancia y seguridad por parte del contratista, reporte de incidentes de seguridad a las autoridades. Transferir: Exigencia y trámite de garantías contractuales de aseguramiento de bienes. | O15: 3 | P15: 2 | Q15: =+O15+P15 -> 5 | R15: =+IF(Q15>=Hoja2!$C$1,Hoja2!$D$1,IF(Q15>Hoja2!$C$2,Hoja2!$D$2,IF(Q15>Hoja2!$C$3,Hoja2!$D$3,Hoja2!$D$4))) -> Medio | S15: No | T15: Representante legal Contratista. | U15: Fecha de suscripción de acta de inicio de contrato. | V15: Fecha de suscripción de acta de liquidación del contrato. | W15: Monitoreo y control de comunicaciones, presentación y revisión de informes y documentos relacionados en reunión de equipo de proyecto. | X15: Semanal
B16: 12 | C16: General | D16: Externo | E16: Ejecución | F16: Financiero | G16: Pérdida o destinación indebida de recursos pagados al contratista. | H16: Incumplimiento en la ejecución del objeto contractual, actuaciones administrativas y judiciales. | I16: 2 | J16: 5 | K16: =+I16+J16 -> 7 | L16: =+IF(K16>=Hoja2!$C$1,Hoja2!$D$1,IF(K16>Hoja2!$C$2,Hoja2!$D$2,IF(K16>Hoja2!$C$3,Hoja2!$D$3,Hoja2!$D$4))) -> Alto | M16: Contratista. | N16: Evitar: Realización de pagos con previa certificación de recibo y aceptación de los entregables establecidos, evitando anticipos o pagos anticipados. | O16: 1 | P16: 5 | Q16: =+O16+P16 -> 6 | R16: =+IF(Q16>=Hoja2!$C$1,Hoja2!$D$1,IF(Q16>Hoja2!$C$2,Hoja2!$D$2,IF(Q16>Hoja2!$C$3,Hoja2!$D$3,Hoja2!$D$4))) -> Alto | S16: Sí | T16: Supervisión del contrato. Representante legal Contratista. | U16: Fecha de elaboración de estudios previos. | V16: Fecha de suscripción de acta de liquidación del contrato. | W16: Revisión de gestiones, comunicaciones, informes y documentos relacionados en reunión del equipo interdisciplinario. | X16: Mensual
... B46: 42 | C46: General | D46: Externo | E46: Ejecución | F46: Operacional | G46: Reclamaciones laborales por parte del personal vinculado por el interventor. | H46: Afectación de costos y presupuesto del contrato, actuaciones administrativas y judiciales. | I46: 2 | J46: 2 | K46: =+I46+J46 -> 4 | L46: =+IF(K46>=Hoja2!$C$1,Hoja2!$D$1,IF(K46>Hoja2!$C$2,Hoja2!$D$2,IF(K46>Hoja2!$C$3,Hoja2!$D$3,Hoja2!$D$4))) -> Bajo | M46: Contratista. | N46: Reducir: Establecimiento de cláusulas de indemnidad y determinación de obligaciones contractuales para amparar a la entidad contratante frente a reclamaciones potenciales, vinculación de personal bajo modalidad de contrato laboral, seguimiento a cumplimiento de obligaciones laborales. Transferir: Exigencia y trámite de garantías contractuales de cumplimiento. | O46: 1 | P46: 1 | Q46: =+O46+P46 -> 2 | R46: =+IF(Q46>=Hoja2!$C$1,Hoja2!$D$1,IF(Q46>Hoja2!$C$2,Hoja2!$D$2,IF(Q46>Hoja2!$C$3,Hoja2!$D$3,Hoja2!$D$4))) -> Bajo | S46: Sí | T46: Supervisión del contrato. Representante legal Contratista. | U46: Fecha de adjudicación del contrato. | V46: Fecha de suscripción de acta de liquidación del contrato. | W46: Monitoreo y control de comunicaciones, presentación y revisión de informes y documentos relacionados en reunión de equipo de proyecto y con directivos de la entidad. | X46: Mensual

Sheet Hoja2
A1: Económico | C1: 8 | D1: Extremo
A2: Social o Político | C2: 5 | D2: Alto
A3: Operacional | C3: 4 | D3: Medio
A4: Financiero | D4: Bajo
A5: Regulatorio
A6: De la naturaleza
A7: Ambiental
A8: Tecnológico
